TOP OF THE 1ST |
Panama City Piranhas batting - Pitching for Thunder Bay Northern Lions BC : RHP Makoto Kato
|
Pitching: RHP Makoto Kato
|
|
Batting: LHB Arturo Guzmán
|
0-0: Called Strike 0-1: Foul Ball, location: 2F 0-2: Ball 1-2: Ball 2-2: Fly out, F4 (Popup, 4D)
|
Batting: LHB Melvin Castro
|
0-0: Ball 1-0: Called Strike 1-1: Ball 2-1: Ball 3-1: Ground out 6-3 (Groundball, 6M)
|
Batting: SHB Marc Talamante
|
0-0: Ball 1-0: TRIPLE (Flyball, 8RXD)
|
Batting: RHB Jeff Bass
|
0-0: Ball 1-0: Fly out, F8 (Flyball, 8RXD)
|
Top of the 1st over - 0 run(s), 1 hit(s), 0 error(s), 1 left on base; Panama City 0 - Thunder Bay 0 |
BOTTOM OF THE 1ST |
Thunder Bay Northern Lions BC batting - Pitching for Panama City Piranhas : LHP Albert Lucas
|
Pitching: LHP Albert Lucas
|
|
Batting: LHB Curtis Peters
|
0-0: Called Strike 0-1: Foul Ball, location: 2F 0-2: Ground out 6-3 (Groundball, 6M)
|
Batting: RHB Bill McCarty
|
0-0: Fly out, F7 (Flyball, 78D)
|
Batting: LHB David Smith
|
0-0: Ball 1-0: Swinging Strike 1-1: Fly out, F8 (Flyball, 89XD)
|
Bottom of the 1st over - 0 run(s), 0 hit(s), 0 error(s), 0 left on base; Panama City 0 - Thunder Bay 0 |
TOP OF THE 2ND |
Panama City Piranhas batting - Pitching for Thunder Bay Northern Lions BC : RHP Makoto Kato
|
Batting: LHB Miguel Martínez
|
0-0: Swinging Strike 0-1: Foul Ball, location: 2F 0-2: Strikes out looking
|
Batting: SHB Theodore Buck
|
0-0: Called Strike 0-1: Foul Ball, location: 2F 0-2: Ball 1-2: Strikes out swinging
|
Batting: RHB Hal Romaine
|
0-0: Called Strike 0-1: Ball 1-1: Foul Ball, location: 2F 1-2: Strikes out swinging
|
Top of the 2nd over - 0 run(s), 0 hit(s), 0 error(s), 0 left on base; Panama City 0 - Thunder Bay 0 |
BOTTOM OF THE 2ND |
Thunder Bay Northern Lions BC batting - Pitching for Panama City Piranhas : LHP Albert Lucas
|
Batting: RHB Steve Brandon
|
0-0: Foul Ball, location: 2F 0-1: Fly out, F9 (Flyball, 89S)
|
Batting: LHB Keith Bridges
|
0-0: Ground out 4-3 (Groundball, 34)
|
Batting: RHB Duncan Thomas
|
0-0: Ball 1-0: Fly out, F7 (Flyball, 7LM)
|
Bottom of the 2nd over - 0 run(s), 0 hit(s), 0 error(s), 0 left on base; Panama City 0 - Thunder Bay 0 |
TOP OF THE 3RD |
Panama City Piranhas batting - Pitching for Thunder Bay Northern Lions BC : RHP Makoto Kato
|
Batting: RHB Joel Lee
|
0-0: SINGLE (Line Drive, 34)
|
Batting: RHB Albert Lucas
|
0-0: Ball 1-0: Sac Bunt - play at second, runner OUT! 1-6
|
Batting: LHB Arturo Guzmán
|
0-0: Called Strike 0-1: Ground out 4-3 (Groundball, 4M) Albert Lucas to second
|
Batting: LHB Melvin Castro
|
0-0: Foul Ball, location: 2F 0-1: Ball 1-1: Called Strike 1-2: Fly out, F6 (Popup, 13)
|
Top of the 3rd over - 0 run(s), 1 hit(s), 0 error(s), 1 left on base; Panama City 0 - Thunder Bay 0 |
BOTTOM OF THE 3RD |
Thunder Bay Northern Lions BC batting - Pitching for Panama City Piranhas : LHP Albert Lucas
|
Batting: RHB Ramiro Rico
|
0-0: Foul Ball, location: 2F 0-1: Ball 1-1: Fly out, F8 (Line Drive, 8RD)
|
Batting: RHB Wilbur Harris
|
0-0: Ball 1-0: Swinging Strike 1-1: Ground out 1-3 (Groundball, 13)
|
Batting: RHB Makoto Kato
|
0-0: Foul Ball, location: 2F 0-1: Fly out, F7 (Flyball, 78S)
|
Bottom of the 3rd over - 0 run(s), 0 hit(s), 0 error(s), 0 left on base; Panama City 0 - Thunder Bay 0 |
TOP OF THE 4TH |
Panama City Piranhas batting - Pitching for Thunder Bay Northern Lions BC : RHP Makoto Kato
|
Batting: SHB Marc Talamante
|
0-0: Foul Ball, location: 2F 0-1: Called Strike 0-2: Ball 1-2: Ball 2-2: Hit by Pitch
|
Batting: RHB Jeff Bass
|
0-0: Ball 1-0: Foul Ball, location: 2F 1-1: Ball 2-1: Ball 3-1: Base on Balls Marc Talamante to second
|
Batting: LHB Miguel Martínez
|
0-0: Called Strike 0-1: DOUBLE (Flyball, 8RXD) Marc Talamante scores Jeff Bass to third Runner from 3rd tries for Home, SAFE, no throw or cutoff
|
Batting: SHB Theodore Buck
|
0-0: Ball 1-0: Foul Ball, location: 2F 1-1: Ball 2-1: Swinging Strike 2-2: Foul Ball, location: 2F 2-2: Fly out, F9 (Flyball, 89D)
|
Batting: RHB Hal Romaine
|
0-0: Called Strike 0-1: Ball 1-1: Ball 2-1: Foul Ball, location: 2F 2-2: Strikes out looking
|
Batting: RHB Joel Lee
|
0-0: Intentional Walk
|
Batting: RHB Albert Lucas
|
0-0: Called Strike 0-1: Fielders Choice at 2nd, 6-4 (Groundball, 6)
|
Top of the 4th over - 2 run(s), 1 hit(s), 0 error(s), 1 left on base; Panama City 2 - Thunder Bay 0 |
BOTTOM OF THE 4TH |
Thunder Bay Northern Lions BC batting - Pitching for Panama City Piranhas : LHP Albert Lucas
|
Batting: LHB Curtis Peters
|
0-0: Bunt for hit - play at first, batter OUT! 1-3
|
Batting: RHB Bill McCarty
|
0-0: Ball 1-0: Ground out 4-3 (Groundball, 4M)
|
Batting: LHB David Smith
|
0-0: Called Strike 0-1: Ball 1-1: Ball 2-1: Ball 3-1: Base on Balls
|
Batting: RHB Steve Brandon
|
0-0: Called Strike 0-1: Fly out, F4 (Popup, 4D)
|
Bottom of the 4th over - 0 run(s), 0 hit(s), 0 error(s), 1 left on base; Panama City 2 - Thunder Bay 0 |
TOP OF THE 5TH |
Panama City Piranhas batting - Pitching for Thunder Bay Northern Lions BC : RHP Makoto Kato
|
Batting: LHB Arturo Guzmán
|
0-0: Ball 1-0: Called Strike 1-1: SINGLE (Groundball, 34S)
|
Batting: LHB Melvin Castro
|
0-0: Called Strike 0-1: Fly out, F8 (Flyball, 8RD)
|
Batting: SHB Marc Talamante
|
0-0: Called Strike 0-1: Called Strike 0-2: Ball 1-2: 2-RUN HOME RUN (Flyball, 9D), Distance : 443 ft
|
Batting: RHB Jeff Bass
|
0-0: Ball 1-0: Foul Ball, location: 2F 1-1: Ball 2-1: Ground out 5-3 (Groundball, 5L)
|
Batting: LHB Miguel Martínez
|
0-0: Ball 1-0: Ball 2-0: DOUBLE (Groundball, 3D)
|
Batting: SHB Theodore Buck
|
0-0: Called Strike 0-1: Ground out 4-3 (Groundball, 34)
|
Top of the 5th over - 2 run(s), 3 hit(s), 0 error(s), 1 left on base; Panama City 4 - Thunder Bay 0 |
BOTTOM OF THE 5TH |
Thunder Bay Northern Lions BC batting - Pitching for Panama City Piranhas : LHP Albert Lucas
|
Batting: LHB Keith Bridges
|
0-0: Swinging Strike 0-1: Foul Ball, location: 2F 0-2: Strikes out swinging
|
Batting: RHB Duncan Thomas
|
0-0: Ball 1-0: SINGLE (Groundball, 56)
|
Batting: RHB Ramiro Rico
|
0-0: SINGLE (Flyball, 4D) Duncan Thomas to second
|
Batting: RHB Wilbur Harris
|
0-0: Called Strike 0-1: Foul Ball, location: 2F 0-2: DOUBLE (Line Drive, 3D) Duncan Thomas scores Ramiro Rico to third
|
Pinch Hitting: LHB Arnold Cook
|
0-0: SINGLE (Groundball, 3L) Ramiro Rico scores Wilbur Harris to third
|
Batting: LHB Curtis Peters
|
0-0: Called Strike 0-1: Ball 1-1: Fielders Choice at 2nd, 1-4 (Groundball, 15)
|
Batting: RHB Bill McCarty
|
0-0: Ball 1-0: Ball 2-0: Ball 3-0: Base on Balls Curtis Peters to second
|
Batting: LHB David Smith
|
0-0: Ball 1-0: Ball 2-0: Swinging Strike 2-1: Ground out 1-3 (Groundball, 15S)
|
Bottom of the 5th over - 2 run(s), 4 hit(s), 0 error(s), 3 left on base; Panama City 4 - Thunder Bay 2 |
TOP OF THE 6TH |
Panama City Piranhas batting - Pitching for Thunder Bay Northern Lions BC : RHP Makoto Kato
|
Pitching: RHP Octávio Rodríguez
|
|
Batting: RHB Hal Romaine
|
0-0: Called Strike 0-1: Ground out 4-3 (Groundball, 34)
|
Batting: RHB Joel Lee
|
0-0: Ball 1-0: Called Strike 1-1: Foul Ball, location: 2F 1-2: Ball 2-2: Fly out, F8 (Flyball, 8RM)
|
Batting: RHB Albert Lucas
|
0-0: Ball 1-0: Ball 2-0: Foul Ball, location: 2F 2-1: Ball 3-1: Swinging Strike 3-2: Foul Ball, location: 2F 3-2: SOLO HOME RUN (Line Drive, 78XD), Distance : 423 ft
|
Batting: LHB Arturo Guzmán
|
0-0: Ball 1-0: Called Strike 1-1: Ground out 4-3 (Groundball, 4)
|
Top of the 6th over - 1 run(s), 1 hit(s), 0 error(s), 0 left on base; Panama City 5 - Thunder Bay 2 |
BOTTOM OF THE 6TH |
Thunder Bay Northern Lions BC batting - Pitching for Panama City Piranhas : LHP Albert Lucas
|
Batting: RHB Steve Brandon
|
0-0: Ground out 5-3 (Groundball, 56)
|
Batting: LHB Keith Bridges
|
0-0: Fly out, F3 (Popup, 3S)
|
Batting: RHB Duncan Thomas
|
0-0: Swinging Strike 0-1: Called Strike 0-2: Ball 1-2: Ball 2-2: Ball 3-2: DOUBLE (Flyball, 7LD)
|
Batting: RHB Ramiro Rico
|
0-0: Ball 1-0: Foul Ball, location: 2F 1-1: Fly out, F3 (Line Drive, 3L)
|
Bottom of the 6th over - 0 run(s), 1 hit(s), 0 error(s), 1 left on base; Panama City 5 - Thunder Bay 2 |
TOP OF THE 7TH |
Panama City Piranhas batting - Pitching for Thunder Bay Northern Lions BC : RHP Octávio Rodríguez
|
Batting: LHB Melvin Castro
|
0-0: Ball 1-0: DOUBLE (Groundball, 3L)
|
Batting: SHB Marc Talamante
|
0-0: Intentional Walk
|
Batting: RHB Jeff Bass
|
0-0: Ball 1-0: Foul Ball, location: 2F 1-1: Ball 2-1: Foul Ball, location: 2F 2-2: Ball 3-2: Base on Balls Melvin Castro to third Marc Talamante to second
|
Batting: LHB Miguel Martínez
|
0-0: Called Strike 0-1: Foul Ball, location: 2F 0-2: Ball 1-2: SINGLE (Line Drive, 9S) Melvin Castro scores Marc Talamante to third Jeff Bass to second
|
Pitching: RHP Roderick Draper
|
|
Batting: SHB Theodore Buck
|
0-0: Ball 1-0: Ball 2-0: SINGLE (Flyball, 78S) Marc Talamante scores Jeff Bass to third Miguel Martínez to second Runner from 3rd tries for Home, SAFE, throw made home
|
Batting: RHB Hal Romaine
|
0-0: Ball 1-0: Called Strike 1-1: Swinging Strike 1-2: Foul Ball, location: 2F 1-2: Ball 2-2: Ball 3-2: Fielders Choice at 2nd, 4-6 (Groundball, 4) Miguel Martínez to third
|
Batting: RHB Joel Lee
|
0-0: Called Strike 0-1: Ball 1-1: Ball 2-1: Ball 3-1: Base on Balls Hal Romaine to second
|
Batting: RHB Albert Lucas
|
0-0: Foul Ball, location: 2F 0-1: Ball 1-1: Swinging Strike 1-2: Ball 2-2: Foul Ball, location: 2F 2-2: Strikes out swinging
|
Batting: LHB Arturo Guzmán
|
0-0: Called Strike 0-1: Ball 1-1: Called Strike 1-2: Ball 2-2: Foul Ball, location: 2F 2-2: Ball 3-2: Foul Ball, location: 2F 3-2: Base on Balls Miguel Martínez scores Hal Romaine to third Joel Lee to second
|
Batting: LHB Melvin Castro
|
0-0: Ball 1-0: Ball 2-0: Called Strike 2-1: Foul Ball, location: 2F 2-2: Strikes out swinging
|
Top of the 7th over - 4 run(s), 3 hit(s), 0 error(s), 3 left on base; Panama City 9 - Thunder Bay 2 |
BOTTOM OF THE 7TH |
Thunder Bay Northern Lions BC batting - Pitching for Panama City Piranhas : LHP Albert Lucas
|
Now in RF: Bellchyor Lebrim
|
|
Batting: RHB Wilbur Harris
|
0-0: Ball 1-0: Fly out, F8 (Flyball, 8LS)
|
Pinch Hitting: LHB Juan Durán
|
0-0: Ball 1-0: Ball 2-0: Ball 3-0: Called Strike 3-1: Called Strike 3-2: Base on Balls
|
Batting: LHB Curtis Peters
|
0-0: Ball 1-0: Foul Ball, location: 2F 1-1: Ball Wild Pitch! Juan Durán to second 2-1: Ball 3-1: Ground out 4-3 (Groundball, 34) Juan Durán to third
|
Batting: RHB Bill McCarty
|
0-0: Ball 1-0: Ball 2-0: Ball 3-0: Base on Balls
|
Batting: LHB David Smith
|
0-0: Ball 1-0: Ball Wild Pitch! Juan Durán scores Bill McCarty to second 2-0: Foul Ball, location: 2F 2-1: Foul Ball, location: 2F 2-2: SINGLE (Groundball, 34D) Bill McCarty to third Runner from 3rd tries for Home, SAFE, no throw or cutoff
|
Batting: RHB Steve Brandon
|
0-0: Ball 1-0: Called Strike 1-1: Ball 2-1: Fielders Choice at 2nd, U4 (Groundball, 4M)
|
Bottom of the 7th over - 2 run(s), 1 hit(s), 0 error(s), 1 left on base; Panama City 9 - Thunder Bay 4 |
TOP OF THE 8TH |
Panama City Piranhas batting - Pitching for Thunder Bay Northern Lions BC : RHP Roderick Draper
|
Pitching: LHP Lester Gross
|
|
Batting: SHB Marc Talamante
|
0-0: Called Strike 0-1: Swinging Strike 0-2: Ball 1-2: DOUBLE (Flyball, 7LD)
|
Batting: RHB Jeff Bass
|
0-0: SINGLE (Groundball, 56D) Marc Talamante to third Runner from 3rd tries for Home, throw and OUT! Jeff Bass to second
|
Batting: LHB Miguel Martínez
|
0-0: Foul Ball, location: 2F 0-1: Called Strike 0-2: Ground out 4-3 (Groundball, 4) Jeff Bass to third
|
Batting: SHB Theodore Buck
|
0-0: Swinging Strike 0-1: Ball 1-1: Fly out, F8 (Flyball, 8LXD)
|
Top of the 8th over - 0 run(s), 2 hit(s), 0 error(s), 1 left on base; Panama City 9 - Thunder Bay 4 |
BOTTOM OF THE 8TH |
Thunder Bay Northern Lions BC batting - Pitching for Panama City Piranhas : LHP Albert Lucas
|
Batting: LHB Keith Bridges
|
0-0: Ball 1-0: Foul Ball, location: 2F 1-1: SINGLE (Groundball, 6MD)
|
Batting: RHB Duncan Thomas
|
0-0: Ball 1-0: Ball 2-0: Ball 3-0: Called Strike 3-1: Base on Balls Keith Bridges to second
|
Batting: RHB Ramiro Rico
|
0-0: Ground out 3-1 (Groundball, 34S) Keith Bridges to third Duncan Thomas to second
|
Batting: RHB Wilbur Harris
|
0-0: Called Strike 0-1: Ball 1-1: Fly out, F5 (Popup, 5SF)
|
Pinch Hitting: RHB Jacob Holt
|
0-0: Ball 1-0: Ball 2-0: Ball 3-0: Base on Balls
|
Batting: LHB Curtis Peters
|
0-0: Swinging Strike 0-1: Swinging Strike 0-2: Ball 1-2: Foul Ball, location: 2F 1-2: Strikes out looking
|
Bottom of the 8th over - 0 run(s), 1 hit(s), 0 error(s), 3 left on base; Panama City 9 - Thunder Bay 4 |
TOP OF THE 9TH |
Panama City Piranhas batting - Pitching for Thunder Bay Northern Lions BC : LHP Lester Gross
|
Pitching: RHP Benny York
|
|
Batting: RHB Hal Romaine
|
0-0: Ball 1-0: Foul Ball, location: 2F 1-1: Swinging Strike 1-2: Ball 2-2: Ball 3-2: SINGLE (Flyball, 9S)
|
Batting: RHB Joel Lee
|
0-0: Ball 1-0: Swinging Strike 1-1: Ball 2-1: Swinging Strike 2-2: Foul Ball, location: 2F 2-2: Strikes out swinging
|
Pinch Hitting: RHB Pete Knight
|
0-0: Ball 1-0: Ball 2-0: Ball 3-0: Called Strike 3-1: SINGLE (Groundball, 56D) Hal Romaine to second
|
Batting: LHB Arturo Guzmán
|
0-0: Ball 1-0: Called Strike 1-1: Swinging Strike 1-2: Ball 2-2: Ball 3-2: Foul Ball, location: 2F 3-2: Strikes out swinging
|
Batting: LHB Bellchyor Lebrim
|
0-0: Ball 1-0: Ball 2-0: Called Strike 2-1: Swinging Strike 2-2: SINGLE (Groundball, 6MD) Hal Romaine to third Pete Knight to second Runner from 3rd tries for Home, SAFE, no throw or cutoff
|
Batting: SHB Marc Talamante
|
0-0: Reaches on Catchers interference Pete Knight to third Bellchyor Lebrim to second
|
Batting: RHB Jeff Bass
|
0-0: Called Strike 0-1: Fly out, F7 (Flyball, 7LM)
|
Top of the 9th over - 1 run(s), 3 hit(s), 1 error(s), 3 left on base; Panama City 10 - Thunder Bay 4 |
BOTTOM OF THE 9TH |
Thunder Bay Northern Lions BC batting - Pitching for Panama City Piranhas : LHP Albert Lucas
|
Pitching: RHP Rubén Ramírez
|
|
Batting: RHB Bill McCarty
|
0-0: Reaches on Catchers interference
|
Batting: LHB David Smith
|
0-0: Swinging Strike 0-1: Ball 1-1: Ball 2-1: Swinging Strike 2-2: SINGLE (Groundball, 4M) Bill McCarty to second
|
Batting: RHB Steve Brandon
|
0-0: Ball 1-0: Foul Ball, location: 2F 1-1: Fly out, F4 (Popup, 89S)
|
Batting: LHB Keith Bridges
|
0-0: Called Strike 0-1: SINGLE (Flyball, 8RS) Bill McCarty to third David Smith to second Runner from 3rd tries for Home, SAFE, throw made home David Smith to third Keith Bridges to second
|
Pitching: RHP Jessie Holley
|
|
Batting: RHB Duncan Thomas
|
0-0: Foul Ball, location: 2F 0-1: Foul Ball, location: 2F 0-2: Fly out, F9 (Flyball, 89S)
|
Batting: RHB Ramiro Rico
|
0-0: Ball 1-0: Foul Ball, location: 2F 1-1: Ball 2-1: Ball 3-1: Called Strike 3-2: Base on Balls
|
Batting: RHB Wilbur Harris
|
0-0: Called Strike 0-1: Ball 1-1: Called Strike 1-2: Ground out 5-3 (Groundball, 5)
|
Bottom of the 9th over - 1 run(s), 2 hit(s), 1 error(s), 3 left on base; Panama City 10 - Thunder Bay 5 |
|